 Dungeon Crawl Stone Soup version 0.17.1-1-g73c8601 (console) character file.

471 Kloppie the Poker (level 7, -3/55 HPs)
             Began as a Merfolk Gladiator on Dec 25, 2015.
             Was a Believer of Makhleb.
             Slain by an ogre
             ... wielding a +0 giant spiked club
              (18 damage)
             ... on level 5 of the Dungeon.
             The game lasted 00:06:28 (3982 turns).

Kloppie the Poker (Merfolk Gladiator)               Turns: 3982, Time: 00:06:28

Health: -3/55      AC: 11    Str: 16    XL:     7   Next: 9%
Magic:  7/7        EV: 13    Int:  7    God:    Makhleb [**....]
Gold:   111        SH:  0    Dex: 16    Spells: 0 memorised, 6 levels left

rFire  + . .     SeeInvis .     a - +1 trident
rCold  . . .     Clarity  .     h - +0 scale mail {rF+}
rNeg   . . .     SustAt   .     (no shield)
rPois  +         Gourm    .     u - +2 helmet
rElec  .         Spirit   .     q - +1 cloak
rCorr  .         Warding  .     (no gloves)
rMut   .         Rnd*Tele +     (no boots)
MR     .....                    (no amulet)
Stlth  ..........               o - ring of poison resistance
                                j - ring of teleportation (curse)

@: not resistant to hostile enchantments, extremely unstealthy
A: change form in water, swift swim
a: Minor Destruction, Renounce Religion, Evoke Teleportation


You were on level 5 of the Dungeon.
You worshipped Makhleb.
Makhleb was pleased with you.
You were not hungry.

You visited 1 branch of the dungeon, and saw 5 of its levels.

You collected 111 gold pieces.

Inventory:

Hand Weapons
 a - a +1 trident (weapon)
Missiles
 d - 2 throwing nets (quivered)
Armour
 h - a +0 scale mail of fire resistance (worn)
 q - a +1 cloak (worn)
 u - a +2 helmet (worn)
Jewellery
 j - a cursed ring of teleportation (left hand)
 o - a ring of poison resistance (right hand)
Wands
 b - a wand of polymorph (11)
Scrolls
 f - a scroll of identify
 n - 2 scrolls of fear
 p - 3 scrolls of enchant weapon
 r - a scroll of amnesia
Potions
 c - a potion of lignification
 g - 2 potions of ambrosia
 i - 2 potions of berserk rage
 k - a potion of resistance
 l - 2 potions of haste
Comestibles
 e - 4 bread rations
 m - a slice of pizza
 s - a meat ration
 t - 2 chunks of flesh


   Skills:
 + Level 4.8 Fighting
 + Level 7.3 Polearms
 - Level 2.0 Throwing
 + Level 7.0 Dodging


You had 6 spell levels left.
You didn't know any spells.

Dungeon Overview and Level Annotations

Branches:
Dungeon (5/15)
 Temple: D:4-7

Altars:
Ashenzari
Gozag
Makhleb
Sif Muna

Annotations:
D:4 DeXoteric's ghost, amateur GrVM


Message History

The ogre shouts!
You see here a buckler.
You hit the ogre.
The ogre is lightly wounded.
The ogre closely misses you.
You puncture the ogre!
The ogre is heavily wounded.
The ogre hits you with a giant spiked club!
You hit the ogre.
The ogre is severely wounded.
You hit the ogre.
The ogre is severely wounded.
The ogre hits you with a giant spiked club!!
* * * LOW HITPOINT WARNING * * *
You are too injured to fight recklessly!
You are too injured to fight recklessly!
You completely miss the ogre.
The ogre is severely wounded.
The ogre hits you with a giant spiked club!!
You die...

#.# #.# ### #.# ... #.##.#
#.# #.##)# #.# #.##.# #.#
#.##.# #O# #.##.# #@#
#.##.######
#############[#
#.##.......
#.............#
#.......###
#.############# #.#####.#
#.# ### ### #.# #.# #.#
#.. ..[ #.# #.# #.# #.#
#######.###.# #.### #.#
#.# #...........#####...#
#.#
##.###.###...........(...#


You could see an ogre.

Vanquished Creatures
  A sky beast (D:5)
  A phantom (D:5)
  A water moccasin zombie (D:5)
  A hound (D:3)
  Ijyb (D:3)
  A giant frog skeleton (D:5)
  A hound skeleton (D:5)
  5 adders
  5 worms
  A giant gecko (D:2)
  9 orcs
  5 giant cockroaches
  5 goblins
  3 hobgoblins
  4 jackals
  A quokka (D:3)
  3 ball pythons
  7 bats
  6 giant newts
  5 kobolds
  5 rats
71 creatures vanquished.

Vanquished Creatures (others)
  A giant cockroach (D:4)
1 creature vanquished.

Grand Total: 72 creatures vanquished

Notes
Turn   | Place    | Note
--------------------------------------------------------------
     0 | D:1      | Kloppie the Merfolk Gladiator began the quest for the Orb.
     0 | D:1      | Reached XP level 1. HP: 16/16 MP: 1/1
   689 | D:1      | Reached XP level 2. HP: 20/23 MP: 2/2
   889 | D:2      | Found a deep blue altar of Sif Muna.
  1257 | D:2      | Reached XP level 3. HP: 26/28 MP: 3/3
  1307 | D:2      | Found an opulent altar of Gozag.
  1317 | D:2      | Found a burning altar of Makhleb.
  1324 | D:2      | Became a worshipper of Makhleb the Destroyer
  1607 | D:2      | Found a shattered altar of Ashenzari.
  1795 | D:3      | Reached skill level 5 in Dodging
  1830 | D:3      | Noticed Ijyb
  1854 | D:3      | Killed Ijyb
  1854 | D:3      | Reached skill level 5 in Polearms
  1854 | D:3      | Reached XP level 4. HP: 26/35 MP: 4/4
  2255 | D:4      | Noticed DeXoteric's ghost (amateur GrVM)
  2260 | D:5      | Entered Level 5 of the Dungeon
  2472 | D:5      | Noticed a phantom
  2475 | D:5      | Noticed a sky beast
  2540 | D:3      | Reached * piety under Makhleb
  2540 | D:3      | Reached XP level 5. HP: 17/41 MP: 5/5
  3075 | D:3      | Reached skill level 6 in Polearms
  3393 | D:5      | Killed a sky beast
  3393 | D:5      | Reached XP level 6. HP: 43/48 MP: 6/6
  3641 | D:5      | Reached ** piety under Makhleb
  3678 | D:5      | Reached skill level 7 in Polearms
  3736 | D:5      | Killed a phantom
  3736 | D:5      | Reached XP level 7. HP: 44/55 MP: 7/7
  3975 | D:5      | Noticed an ogre
  3982 | D:5      | Slain by an ogre

Action                   |  1- 3 |  4- 6 |  7- 9 || total
-------------------------+-------+-------+-------++-------
Melee: Trident           |   140 |   185 |     8 ||   333
Throw: Throwing net      |       |     1 |       ||     1
  Use: Scroll            |    10 |     3 |     1 ||    14
       Potion            |       |     1 |       ||     1
 Stab: Sleeping          |     5 |       |       ||     5
  Eat: Chunk             |     3 |     6 |     1 ||    10
